 Dungeon Crawl Stone Soup version 0.30.0-17-ge0270778cf (webtiles) character file.

Game seed: 17941454280465463630

93 RascalDebosk the Magician (level 4, -20/33 HPs)
             Began as a Djinni Warper on May 21, 2023.
             Demolished by an ice beast (21 damage)
             ... on level 3 of the Dungeon.
             The game lasted 00:11:10 (1906 turns).

RascalDebosk the Magician (Djinni Warper)           Turns: 1906, Time: 00:11:11

Health: -20/33     AC:  3    Str: 10    XL:     4   Next: 92%
Gold:   156        EV: 11    Int: 17    God:
                   SH:  0    Dex: 12

rFire   + + .        a - +0 falchion
rCold   x . .        (no shield)
rNeg    . . .        b - +0 leather armour
rPois   ∞            (no helmet)
rElec   .            (no cloak)
rCorr   .            (no gloves)
SInv    .            (boots unavailable)
Will    .....        (no amulet)
Stlth   +            (no ring)
HPRegen 0.25/turn    (no ring)
MPRegen 0.00/turn

%: infuse magic (-21 HP)
@: flying
A: sickness immunity, fire resistance 2, cold vulnerability 1, float, innate
caster, HP casting, extra vitality 1
a: no special abilities


You were on level 3 of the Dungeon.
You visited 1 branch of the dungeon, and saw 4 of its levels.

You collected 156 gold pieces.

Inventory:

Hand Weapons
 a - a +0 falchion (weapon)
Missiles
 d - 7 boomerangs of dispersal (quivered)
Armour
 b - a +0 leather armour (worn)
Scrolls
 c - 2 scrolls of fog {unknown}
 f - 5 scrolls of identify {unknown}
 g - a scroll of blinking
 h - a scroll of noise {unknown}
 i - a scroll of torment {unknown}
 l - 2 scrolls of teleportation {unknown}
 n - a scroll of fear {unknown}
 o - a scroll of vulnerability {unknown}
 q - a scroll of silence {unknown}
Potions
 e - 3 potions of heal wounds {unknown}
 j - a potion of invisibility {unknown}
 k - 3 potions of flight {unknown}
 m - a potion of cancellation {unknown}
 p - a potion of lignification {unknown}


   Skills:
 - Level 2.0 Fighting
 - Level 1.7 Long Blades
 - Level 0.7 Throwing
 - Level 1.0 Armour
 - Level 2.1 Dodging
 * Level 4.1 Spellcasting


You knew the following spells:

 Your Spells              Type           Power      Damage    Failure   Level
a - Blink                 Tloc           34%        N/A       6%          2
b - Lesser Beckoning      Tloc           34%        N/A       6%          2
c - Vhi's Electric Charg  Tloc/Air       34%        N/A       12%         3
d - Teleport Other        Tloc           17%        N/A       12%         3
e - Manifold Assault      Tloc           17%        N/A       36%         4
f - Apportation           Tloc           34%        N/A       4%          1
Your spell library was empty.

Dungeon Overview and Level Annotations

Branches:
Dungeon (4/15)
 Temple: D:4-7

Altars:

Annotations:
D:3 3 runed translucent doors, TheOneDM's ghost, amateur DjCj


Innate Abilities, Weirdness & Mutations

You are immune to sickness and miasma.
You are immune to poison.
Your flesh is very heat resistant. (rF++)
You are vulnerable to cold. (rC-)
You float through the air rather than walking.
You learn spells naturally, not from books.
Your magical power is your life essence.
You have superior vitality. (+4 MHP)


Message History

2 rats come into view.
Found a dagger.
Casting: Vhi's Electric Charge (quite dangerous; 12% risk of failure)
Confirm with . or Enter, or press ? or * to list all spells.
Aiming: Apportation (safe; 4% risk of failure)
Press: ? - help, Dir - move target Apport: a dagger Yoink!
You pull the item towards yourself.
You see here a +0 dagger.
Casting: Apportation (safe; 4% risk of failure)
Confirm with . or Enter, or press ? or * to list all spells.
You can't see any susceptible monsters within range! (Use Z to cast anyway.)
Casting: Apportation (safe; 4% risk of failure)
Confirm with . or Enter, or press ? or * to list all spells.
The spell is quite dangerous to miscast (12% risk of failure)!
Continue anyway?
Charge where?
Press: ? - help, Dir - move target, f - rat
Aim: a rat (77% to hit)
You charge forward with an electric crackle!
A frilled lizard, a kobold and a rat come into view.
Found a stone staircase leading down.
You slash the rat and electrocute it!
You kill the rat!
The kobold shouts!
You hear a shout!
Casting: Vhi's Electric Charge (quite dangerous; 12% risk of failure)
Confirm with . or Enter, or press ? or * to list all spells.
The spell is extremely dangerous to miscast (38% risk of failure)!
Continue anyway?
Space momentarily warps into an impossible shape!
You hit the rat.
You kill the rat!
You miss the frilled lizard. You completely miss the kobold.
Casting: Manifold Assault (extremely dangerous; 38% risk of failure)
Confirm with . or Enter, or press ? or * to list all spells.
The spell is extremely dangerous to miscast (38% risk of failure)!
Continue anyway?
Space momentarily warps into an impossible shape!
You barely miss the kobold. You slash the frilled lizard!
You kill the frilled lizard!
You hit the rat.
You kill the rat!
A goblin comes into view. It is wielding a +0 dagger.
The goblin shouts!
The kobold barely misses you.
You barely miss the kobold. The kobold closely misses you.
You hit the kobold.
You kill the kobold!
You see here a +0 short sword.
You closely miss the goblin. You punch the goblin.
You kill the goblin!
Things that are here:
a +0 dagger; a +0 short sword You see here a rat corpse.
Found a stone staircase leading down.
A bat comes into view.
You hit the bat.
You kill the bat!
A bat comes into view.
Found 6 stones.
The bat barely misses you.
You slash the bat!
You kill the bat!
A ball python comes into view.
The ball python hisses angrily.
You see here a bat corpse.
A kobold comes into view. It is wielding a +0 dagger.
Found a whip, a dagger and a book of the Senses.
The kobold shouts!
An ice beast comes into view.
Casting: Manifold Assault (extremely dangerous; 36% risk of failure)
Confirm with . or Enter, or press ? or * to list all spells.
The spell is extremely dangerous to miscast (36% risk of failure)!
Continue anyway?
Space momentarily warps into an impossible shape!
You slash the ice beast! You slash the ball python!
You kill the ball python!
You closely miss the kobold. The kobold hits you but does no damage.
You slash the kobold!
You kill the kobold!
You see here a bat corpse.
Casting: Manifold Assault (extremely dangerous; 36% risk of failure)
Confirm with . or Enter, or press ? or * to list all spells.
The spell is extremely dangerous to miscast (36% risk of failure)!
Continue anyway?
Space momentarily warps into an impossible shape!
You hit the ice beast.
Casting: Manifold Assault (extremely dangerous; 36% risk of failure)
Confirm with . or Enter, or press ? or * to list all spells.
The spell is quite dangerous to miscast (12% risk of failure)!
Continue anyway?
Charge where?
Press: ? - help, Dir - move target, f - ice beast
Aim: an ice beast (moderately wounded, 77% to hit)
You charge forward with an electric crackle!
You hit the ice beast and electrocute it.
The ice beast is heavily wounded.
The ice beast hits you. The ice beast freezes you!!
You feel a terrible chill!
Ouch! That really hurt!
* * * LOW HITPOINT WARNING * * *
You hit the ice beast but do no damage.
The ice beast is heavily wounded.
The ice beast hits you.
* * * LOW HITPOINT WARNING * * *
The ice beast freezes you!!
You feel a terrible chill!
Ouch! That really hurt!
You die...

## ..######## ........#.
........#. ........#.##
.......)#..##
.......>##..######......
....(.†Y@§...............
.......)#####.###...#....
........# #.# .......
........# #.# ##.... ..
........# #.# #...# ..
....)...#####.###.#.# #.
.......###>.....).#.# #.
...:..# #..........# #.
#.........#####.


You could see an ice beast.

Vanquished Creatures
  3 adders
  A worm (D:2)
  2 dart slugs
  4 endoplasms
  A giant cockroach (D:3)
  8 goblins
  4 hobgoblins
  4 jackals (D:2)
  A quokka (D:2)
  4 ball pythons
  8 bats
  4 frilled lizards
  9 kobolds
  6 rats
59 creatures vanquished.

Notes
Turn   | Place    | Note
-------+----------+-------------------------------------------
     0 | D:1      | RascalDebosk the Djinni Warper began the quest for the Orb.
     0 | D:1      | RascalDebosk set off with the following spells memorised:
                  | Blink, Lesser Beckoning, Vhi's Electric Charge, Teleport
                  | Other, Manifold Assault.
     0 | D:1      | Reached XP level 1. HP: 18/18 MP: 0/0
   122 | D:1      | Reached XP level 2. HP: 23/23 MP: 0/0
   181 | D:1      | Reached skill level 3 in Spellcasting
   394 | D:1      | Reached XP level 3. HP: 25/28 MP: 0/0
   394 | D:1      | Learned a level 1 spell: Apportation
   940 | D:2      | You are sucked into a shaft and drop 2 floors!
  1000 | D:3      | Found a runed translucent gate.
  1004 | D:3      | Found a runed translucent gate.
  1005 | D:3      | Found a runed translucent gate.
  1009 | D:3      | Noticed TheOneDM's ghost (amateur DjCj)
  1324 | D:2      | Reached XP level 4. HP: 27/33 MP: 0/0
  1753 | D:3      | Reached skill level 4 in Spellcasting
  1898 | D:3      | Noticed an ice beast
  1906 | D:3      | HP: 1/33 [ice beast (2)]
  1906 | D:3      | Demolished by an ice beast

Illustrated notes

Levels and vault maps discovered:
D:1:      dpeg_arrival_subterranean_lakeside_camping, layout_basic
D:2:      layout_loops_cross
D:3:      layout_rooms, serial_shops, shop, ebering_ghost_rock_garden,
          shapermc_ecumenical_altar_gd, hangedman_decor_push
D:4:      layout_loops_ring, mainiacjoe_overflow_concentric_impassable,
          nrook_loot_triangle, minmay_quadrilaterals

Skill      XL: |  1  2  3  4 |
---------------+-------------+-----
Spellcasting   | 3 4 |  4.1
Fighting       | |  2.0
Long Blades    | |  1.7
Throwing       | |  0.7
Armour         | |  1.0
Dodging        | |  2.1

Action                     |  1- 3 |  4- 6 || total
---------------------------+-------+-------++-------
  Melee: Falchion          |   140 |    51 ||   191
         Punch             |     1 |     1 ||     2
   Cast: Vhi's Electric Ch |     3 |     9 ||    12
         Manifold Assault  |       |     4 ||     4
         Apportation       |       |     2 ||     2
   Stab: Sleeping          |     1 |       ||     1
 Armour: Leather armour    |    43 |     5 ||    48
  Dodge: Dodged            |    94 |    26 ||   120
